 Dungeon Crawl Stone Soup version 0.24.0-13-gcf9b3192b9 (webtiles) character file.

Game seed: 13434985294342554203, levelgen mode: deterministic

67666 Monsterracer the Severer (level 15, 0/134 HPs)
             Began as a Hill Orc Ice Elementalist on Nov 6, 2019.
             Was a High Priest of Nemelex Xobeh.
             Hit by a large rock thrown by a cyclops (21 damage)
             ... on level 12 of the Dungeon.
             The game lasted 00:32:35 (27669 turns).

Monsterracer the Severer (HOIE)                    Turns: 27669, Time: 00:32:35

Health: 0/134      AC: 27    Str: 18    XL:     15   Next: 23%
Magic:  24/24      EV:  8    Int: 15    God:    Nemelex Xobeh [*****.]
Gold:   1182       SH:  0    Dex: 11    Spells: 16/17 levels left

rFire    . . .     SeeInvis .   G - +3 battleaxe (elec)
rCold    + . .     Gourm    .   (shield currently unavailable)
rNeg     . . .     Faith    .   B - +1 plate armour {rC+}
rPois    +         Spirit   .   I - +2 hat {MR+}
rElec    .         Reflect  .   n - +1 cloak
rCorr    .         Harm     .   s - +1 pair of gloves
MR       ++...                  D - +2 pair of boots
Stlth    ..........             o - amulet of regeneration
HPRegen  0.72/turn              P - ring of poison resistance
MPRegen  0.19/turn              H - +2 ring of protection

@: no status effects
A: no striking features
a: Draw Escape, Draw Destruction, Draw Summoning, Triple Draw, Deal Four, Stack
Five, Renounce Religion


You were on level 12 of the Dungeon.
You worshipped Nemelex Xobeh.
Nemelex Xobeh was extremely pleased with you.
You were very hungry.

You visited 4 branches of the dungeon, and saw 21 of its levels.
You also visited: Ice Cave and Volcano.

You collected 2329 gold pieces.
You spent 1147 gold pieces at shops.

Inventory:

Hand Weapons
 a - a +2 broad axe of protection
   (You bought it in a shop on level 10 of the Dungeon)
 b - a +0 broad axe of flaming
   (You bought it in a shop on level 1 of the Orcish Mines)
 G - a +3 battleaxe of electrocution (weapon)
   (You took it off an orc knight on level 2 of the Orcish Mines)
Missiles
 j - 4 throwing nets (quivered) {!f}
Armour
 n - a +1 cloak (worn)
   (You took it off Crazy Yiuf on level 5 of the Dungeon)
 s - a +1 pair of gloves (worn)
   (You bought it in a shop on level 4 of the Dungeon)
 x - a scarf of cloud immunity
   (You found it on level 2 of the Lair of Beasts)
 B - a +1 plate armour of cold resistance (worn)
   (You took it off an orc warrior on level 6 of the Dungeon)
 D - a +2 pair of boots (worn)
   (You found it on level 9 of the Dungeon)
 I - a +2 hat of magic resistance (worn)
   (You took it off Gastronok on level 1 of the Lair of Beasts)
 J - a +0 large shield
   (You found it on level 10 of the Dungeon)
Jewellery
 o - an amulet of regeneration (around neck)
   (You found it on level 9 of the Dungeon)
 C - an uncursed ring of protection from cold
   (You found it on level 9 of the Dungeon)
 H - a +2 ring of protection (right hand)
   (You found it on level 9 of the Dungeon)
 P - a ring of poison resistance (left hand)
   (You bought it in a shop on level 2 of the Orcish Mines)
 S - an uncursed ring of see invisible
   (You found it on level 1 of the Lair of Beasts)
Wands
 i - a wand of digging (12)
   (You found it on level 4 of the Dungeon)
 v - a wand of polymorph (11)
   (You took it off an orc on level 6 of the Dungeon)
 y - a wand of clouds (7)
   (You found it on level 8 of the Dungeon)
 E - a wand of flame (41)
   (You took it off a goblin on level 9 of the Dungeon)
 F - a wand of paralysis (17)
   (You found it on level 8 of the Dungeon)
 M - a wand of acid (25)
   (You found it on level 5 of the Lair of Beasts)
 R - a wand of iceblast (6)
   (You found it on level 2 of the Dungeon)
Scrolls
 f - a scroll of identify
 l - a scroll of fear {!r}
 m - a scroll of magic mapping
 p - a scroll of enchant weapon
 r - 8 scrolls of remove curse
 t - 10 scrolls of teleportation {!r}
 N - 2 scrolls of fog {!r}
Potions
 d - 3 potions of heal wounds
 e - 14 potions of curing
 g - 3 potions of agility
 h - 2 potions of haste
 k - 3 potions of lignification
 q - 3 potions of invisibility
 u - 5 potions of resistance
 w - 3 potions of might
 z - 2 potions of brilliance
 A - 2 potions of mutation {!q}
 O - 2 potions of magic
 Q - a potion of cancellation
Miscellaneous
 K - a box of beasts
Comestibles
 c - 34 rations


   Skills:
 * Level 12.7 Fighting
 * Level 16.5(18.3) Axes
   Level 11.7(14.5) Maces & Flails
   Level 2.7(9.9) Polearms
 + Level 10.1 Armour
 - Level 5.0 Dodging
 - Level 1.5 Stealth
 - Level 8.9 Shields
 - Level 1.5 Spellcasting
   Level 1.0 Conjurations
 - Level 2.6 Ice Magic
 * Level 12.4 Invocations
 + Level 3.9 Evocations


You had 16 spell levels left.
You knew the following spells:

 Your Spells              Type           Power        Failure   Level  Hunger
a - Freeze                Ice            #...         86%         1    ##.....

Your spell library contained the following spells:

 Spells                   Type           Power        Failure   Level  Hunger
 Throw Frost              Conj/Ice       #.....       98%         2    ###....
 Animate Skeleton         Necr           N/A          99%         1    ##.....
 Confusing Touch          Hex            #.....       99%         1    ##.....
 Corona                   Hex            #......      99%         1    ##.....
 Pain                     Necr           #...         99%         1    ##.....
 Ensorcelled Hibernation  Hex/Ice        #.....       99%         2    ###....
 Confuse                  Hex            #.......     100%        3    ####...
 Dazzling Spray           Conj/Hex       #.....       100%        3    ####...
 Gell's Gravitas          Tloc           #.........   100%        3    ####...
 Ozocubu's Armour         Chrm/Ice       #.......     100%        3    ####...
 Regeneration             Chrm/Necr      #.........   100%        3    ####...
 Tukima's Dance           Hex            #.......     100%        3    ####...
 Vampiric Draining        Necr           #.........   100%        3    ####...
 Animate Dead             Necr           N/A          100%        4    #####..
 Petrify                  Tmut/Erth      #.......     100%        4    #####..
 Summon Ice Beast         Ice/Summ       #.......     100%        4    #####..
 Throw Icicle             Conj/Ice       #.......     100%        4    #####..
 Metabolic Englaciation   Hex/Ice        #.........   100%        5    ######.
 Yara's Violent Unravell  Hex/Tmut       #.........   100%        5    ######.


Dungeon Overview and Level Annotations

Branches:
Dungeon (12/15)            Temple (1/1) D:4            Lair (6/6) D:11
  Swamp (0/4) Lair:4        Snake (0/4) Lair:2        Slime (0/5) Lair:5
    Orc (2/2) D:9             Elf (0/3) Orc:2         IceCv (visited)
Volcano (visited)

Altars:
Ashenzari
Cheibriados
Dithmenos
Elyvilon
Nemelex Xobeh
Qazlal
Sif Muna
Trog
Uskayaw
Vehumet
Wu Jian
Xom
The Shining One
Beogh
Jiyva

Shops:
D:4 *   D:10 (   Orc:1 (   Orc:2 *?*(


Message History

The ettin hits you with a +1 dire flail of protection!
You slash the ettin! Lightning courses through the ettin!!
You kill the ettin!
Your plate armour prevents you from hitting the kobold demonologist.
You slash the two-headed ogre!
Lightning courses through the two-headed ogre!
The two-headed ogre hits you but does no damage.
The two-headed ogre completely misses you.
You hit the two-headed ogre.
The two-headed ogre is severely wounded.
You hit the kobold demonologist.
The frost giant gestures at you while chanting.
The bolt of cold hits the orc!!
The orc dies!
The bolt of cold hits you. You resist.
The kobold demonologist barely misses you.
The two-headed ogre hits you but does no damage.
The two-headed ogre hits you with a +0 giant spiked club.
The orc priest shouts, "Join the one true god or die!"
You are too injured to fight recklessly!
You slash the kobold demonologist!
Lightning courses through the kobold demonologist!
The kobold demonologist is severely wounded.
You hit the two-headed ogre.
The frost giant gestures at you while chanting.
The bolt of cold misses you.
An efreet comes into view.
It is wielding a +1 scimitar of flaming.
A soldier ant comes into view.
The kobold demonologist begins to cast a cantrip, but forgets the words!
Evoke which item? (* to show all) (? for menu, Esc to quit)
Okay, then.
Okay, then.
You draw a card...
You have drawn the Elixir.
You begin rapidly regenerating magic.
The soldier ant twitches its antennae in your direction.
The two-headed ogre hits you with a cursed -3 giant club.
The two-headed ogre hits you with a +0 giant spiked club.
The kobold demonologist gestures wildly while chanting.
You draw a card...
You have drawn Foxfire.
The kobold demonologist closely misses you.
The two-headed ogre closely misses you. x2; The crimson imp barely misses you.
You draw a card...
You have drawn Pain.
Press: ? - help, Shift-Dir - straight line, f - soldier ant
Aim: a soldier ant The frost giant convulses!
The kobold demonologist looks encouraged for a moment.
The shadow imp hits you but does no damage.
Your insubstantial wisp hits the two-headed ogre.
The crimson imp hits you but does no damage.
You draw a card...
You have drawn Wild Magic.
The kobold demonologist is encased in ice!
The kobold demonologist dies!
The shadow imp disappears in a puff of smoke!
The white imp disappears in a puff of smoke!
The crimson imp disappears in a puff of smoke!
The frost giant is encased in ice!
The frost giant partially resists.
The two-headed ogre is struck by twisting air!
The two-headed ogre dies!
The cyclops is caught in an explosion of flying shrapnel!
The explosion engulfs the cyclops!
The cyclops is moderately wounded.
The efreet is encased in ice!
The efreet is frozen!
There is a sudden explosion of magical energy!
The explosion engulfs the insubstantial wisp!!
You destroy the insubstantial wisp!
The explosion engulfs your insubstantial wisp!!
You destroy your insubstantial wisp!
The explosion engulfs your insubstantial wisp!!!
You destroy your insubstantial wisp!
The explosion engulfs you!!
The manticore is covered in liquid flames!
The orc priest is struck by twisting air!
The orc priest dies!
The orc is struck by twisting air!
The orc dies!
The deep elf high priest is struck by twisting air!
You feel a surge of magic.
You hear a screech!
You hear a shout! x5; You hear an angry hiss.
The manticore burns!
The deep elf high priest utters an invocation to its god.
The deep elf high priest begins emitting a brilliant aura!
The frost giant is empowered by the deep elf high priest's aura!
The cyclops throws a large rock.
The large rock hits you but does no damage.
The frost giant points at you and mumbles some strange words.
The bolt of cold hits you!! You resist.
* * * LOW HITPOINT WARNING * * *
Unknown command.
Unknown command.
You hit the frost giant.
The frost giant is severely wounded.
The manticore burns!
The deep elf high priest intones a terrible prayer.
The frost giant gestures at you while chanting.
The bolt of cold hits you!! You resist.
* * * LOW HITPOINT WARNING * * *
The cyclops throws a large rock.
The large rock hits you!!
You die...
Your body glows slightly and disappears.

.......#
.......#................
..)....+....#.#..†......
.......+....#.##ae..Z...
.......#....##.##D###...
#......#.....##..D..##..
#'######......###)##.##.
................CH.##.#.
..............).@)§v#R#○
................§§..C○☼.
....................#.#.
###.................#.##
#....######.......##.#
#....# #........##.
#....# ##........##
#....# #..........
#....# .......


You could see a frost giant, a fire dragon, a six-headed hydra, a manticore
(burning), a deep elf high priest, a cyclops, an efreet, a soldier ant, a
bullfrog skeleton and a friendly insubstantial wisp.

Vanquished Creatures
  A red draconian (Volcano)
  Snorg (Lair:6)
  A fire dragon (Lair:6)
  An ettin (D:12)
  Harold (D:8)
  2 ice dragons (IceCv)
  5 hydras (D:11 Lair:6)
  A catoblepas (Lair:2)
  3 two-headed ogres (Volcano D:12)
  2 orc high priests (Orc:2)
  An ogre mage (Volcano)
  6 death yaks (D:11 Lair:5 Orc:1)
  2 unseen horrors (D:10 D:12)
  2 swamp dragons (Lair:2)
  A lindwurm (Lair:6)
  Pikel (D:6)
  2 orc knights (Orc:2)
  2 cyclopes (D:9 D:11)
  A mana viper (Orc:2)
  6 orc sorcerers (Orc:2)
  A salamander (Lair:6)
  A manticore (Orc:2)
  An elephant (Orc:2)
  8 black mambas (Lair:1 Lair:2 Lair:5 Lair:6)
  2 ice statues (IceCv)
  The ghost of casual the Skirmisher, a novice VSAs of Cheibriados (D:6)
  3 molten gargoyles (Lair:6)
  14 spiny frogs (D:8 Lair:1 Lair:2 Lair:3 Lair:4)
  5 komodo dragons (Lair:1 Lair:6)
  3 rime drakes (IceCv Lair:6)
  A polar bear (Lair:4)
  5 trolls (D:9 Orc:2)
  9 blink frogs (Lair:1 Lair:2 Lair:5)
  3 bog bodies (Lair:4)
  8 dream sheep (D:11 Lair:6)
  13 hippogriffs (D:7 D:9 D:10 D:11 Lair:1)
  6 wyverns (D:9 Lair:5 Lair:6)
  25 yaks (D:9 D:11 Lair:3 Lair:4 Lair:5)
  Eustachio (D:5)
  3 basilisks (D:11 Lair:6 D:12)
  2 hungry ghosts (D:9)
  2 steam dragons (D:6 Lair:6)
  A swamp worm (Lair:4)
  Duvessa (D:5)
  A soldier ant (D:10)
  10 water moccasins (D:5 Lair:1 Lair:2 Lair:4 Lair:6)
  6 hell hounds (Lair:2 Lair:6)
  4 porcupines (Lair:1 Lair:2 Lair:3)
  15 orc warriors (D:6 D:7 D:11 Orc:1 Orc:2)
  24 ice beasts (D:6 D:7 D:9 D:10 D:11)
  2 phantoms (D:9 D:11)
  2 black bears (D:9 D:11)
  2 necrophages (D:7 D:11)
  8 centaurs (D:5 D:7 D:8 D:11 Lair:6)
  2 eyes of draining (D:9 D:11)
  A boggart (D:12)
  8 ogres (D:5 D:8 D:9 D:11 Orc:2)
  13 wolves (Lair:6)
  10 crocodiles (D:11 Lair:2 Lair:3 Lair:4 Lair:5)
  4 big kobolds (D:7 D:11)
  8 bullfrogs (D:8 D:9 D:11 Lair:2 Lair:4)
  A gnoll sergeant (D:11)
  Dowan (D:5)
  2 scorpions (D:7 D:9)
  14 killer bees (D:9 D:10)
  18 wights (D:7 D:9 D:10 D:11)
  4 howler monkeys (D:6 D:7 D:8)
  An electric eel (Lair:4)
  7 crimson imps (D:4 D:6 D:7 D:8 D:10)
  A centaur zombie (D:7)
  5 lava snakes (Lair:6)
  A quasit (D:9)
  4 hounds (D:7 D:6 D:8 D:11)
  5 jellies (D:6 D:7 D:8 D:9 D:10)
  11 orc priests (D:3 D:4 D:6 D:11 Orc:1)
  17 orc wizards (D:6 D:10 D:11 Orc:1 Orc:2)
  Crazy Yiuf (D:5)
  3 bullfrog skeletons (D:7 D:10 D:11)
  3 centaur skeletons (D:8 D:12)
  An iguana (D:4)
  12 worker ants (D:4 D:5 D:6 D:7 D:9)
  A killer bee zombie (D:2)
  8 ogre zombies (D:9)
  2 hound skeletons (D:8 D:11)
  5 worker ant zombies (D:5 D:7 D:8)
  A howler monkey zombie (D:6)
  10 adders (D:2 D:4 D:5 D:6 D:9)
  15 gnolls (D:4 D:5 D:6 D:11)
  A river rat (Orc:1)
  2 shadow imps (D:6 D:10)
  12 white imps (Lair:3)
  2 oozes (D:1 D:5)
  3 adder skeletons (D:4 D:7 D:8)
  A worm (D:2)
  A ball lightning (Orc:2)
  3 dart slugs (D:1 Orc:1)
  4 leopard geckos (D:6 D:8)
  51 orcs (D:3 D:4 D:6 D:7 D:9)
  2 ball pythons (D:5 Orc:1)
  2 giant cockroaches (D:4)
  14 goblins (D:1 D:2 D:3 D:9)
  7 hobgoblins (D:1 D:2)
  7 jackals (D:1 D:4)
  3 quokkas (D:5 D:7 D:10)
  7 bats (D:1 D:2 D:3)
  6 frilled lizards (D:1 D:2 D:3 D:4 D:5)
  4 goblin skeletons (D:9)
  A goblin zombie (D:9)
  4 hobgoblin skeletons (D:9)
  2 hobgoblin zombies (D:9)
  2 jackal skeletons (D:5 D:7)
  2 jackal zombies (D:5)
  15 kobolds (D:1 D:2 D:3 D:7)
  2 orc skeletons (D:9)
  12 orc zombies (D:9)
  2 quokka skeletons (D:4 D:6)
  3 rats (D:1 D:3)
  3 fungi (Lair:4 Lair:6)
  3 plants (Lair:5)
618 creatures vanquished.

Vanquished Creatures (collateral kills)
  Gastronok (Lair:1)
  A hydra (D:8)
  2 two-headed ogres (Volcano)
  A water nymph (Orc:2)
  An iguana (D:8)
  A worker ant (Orc:2)
7 creatures vanquished.

Vanquished Creatures (others)
  A two-headed ogre (D:12)
  An orc knight (Orc:2)
  A kobold demonologist (D:12)
  A basilisk (Lair:6)
  A porcupine (Lair:2)
  3 slaves (D:6)
  An electric eel (Lair:4)
  2 orc priests (D:6 D:12)
  An orc wizard (Orc:2)
  2 ball lightnings (Orc:2)
  9 orcs (D:6 D:12)
  A bush (Lair:6)
  5 fungi (Lair:2 Lair:5 Lair:6)
  A plant (Lair:6)
30 creatures vanquished.

Grand Total: 655 creatures vanquished

Notes
Turn   | Place    | Note
-------+----------+-------------------------------------------
     0 | D:1      | Monsterracer the Hill Orc Ice Elementalist began the quest
                  | for the Orb.
     0 | D:1      | Reached XP level 1. HP: 14/14 MP: 3/3
   102 | D:1      | HP: 7/15 [ooze (4)]
   109 | D:1      | HP: 7/15 [ooze (1)]
   110 | D:1      | Reached skill level 1 in Fighting
   110 | D:1      | Reached XP level 2. HP: 11/23 MP: 0/4
   312 | D:1      | Reached skill level 1 in Polearms
   612 | D:1      | Reached XP level 3. HP: 30/30 MP: 5/5
  1586 | D:2      | Reached XP level 4. HP: 24/38 MP: 0/6
  1720 | D:2      | HP: 19/38 [killer bee zombie (6)]
  2895 | D:3      | Reached XP level 5. HP: 47/47 MP: 0/7
  3092 | D:3      | Found a sparkling altar of Nemelex Xobeh.
  3130 | D:3      | Became a worshipper of Nemelex Xobeh the Trickster
  3147 | D:3      | Received a gift from Nemelex Xobeh
  3308 | D:3      | Found a snail-covered altar of Cheibriados.
  3310 | D:3      | Found a shimmering blue altar of Sif Muna.
  3314 | D:3      | Found a stormy altar of Qazlal.
  3314 | D:3      | Found a white marble altar of Elyvilon.
  3315 | D:3      | Found a glowing golden altar of the Shining One.
  3320 | D:3      | Found a hide-covered altar of Uskayaw.
  3321 | D:3      | Found a shimmering altar of Xom.
  3322 | D:3      | Found a bloodstained altar of Trog.
  3625 | D:4      | Reached skill level 1 in Axes
  3663 | D:4      | HP: 23/47 [worker ant (3)]
  3665 | D:4      | Reached skill level 2 in Axes
  3668 | D:4      | HP: 17/47 [poisoned by a worker ant]
  3673 | D:4      | HP: 12/47 [poisoned by a worker ant]
  3678 | D:4      | HP: 9/47 [poisoned by a worker ant]
  3684 | D:4      | HP: 7/47 [poisoned by a worker ant]
  3690 | D:4      | HP: 6/47 [poisoned by a worker ant]
  3698 | D:4      | HP: 5/47 [poisoned by a worker ant]
  3733 | D:4      | HP: 7/47 [gnoll/stone (2)]
  3740 | D:4      | You fall into a shaft and drop 1 floor!
  3740 | D:5      | Entered Level 5 of the Dungeon
  3740 | D:5      | Noticed a water moccasin
  3887 | D:4      | Found a staircase to the Ecumenical Temple.
  3898 | D:4      | HP: 23/47 [poisoned by an adder]
  3916 | D:4      | HP: 19/47 [orc priest/+0 flail (6)]
  3921 | D:4      | Reached skill level 3 in Axes
  3921 | D:4      | Reached XP level 6. HP: 17/53 MP: 8/8
  3929 | D:4      | HP: 9/53 [gnoll/+0 whip (9)]
  3931 | D:4      | HP: 4/53 [gnoll/+0 whip (6)]
  3933 | D:4      | Reached skill level 4 in Axes
  3937 | D:4      | HP: 3/53 [crimson imp (2)]
  4055 | D:4      | HP: 22/53 [gnoll/stone (1)]
  4058 | Temple   | Entered the Ecumenical Temple
  4332 | D:4      | HP: 26/53 [poisoned by an adder]
  4337 | D:4      | HP: 25/53 [poisoned by an adder]
  4345 | D:4      | HP: 24/53 [poisoned by an adder]
  4598 | D:4      | Reached * piety under Nemelex Xobeh
  4679 | D:4      | Reached skill level 5 in Axes
  4687 | D:4      | HP: 24/53 [iguana (9)]
  4699 | D:4      | HP: 17/53 [iguana (8)]
  4703 | D:4      | HP: 6/53 [worker ant (5)]
  5033 | D:4      | Found Ycwolaarr's Assorted Antiques.
  5038 | D:4      | Bought a pair of gloves for 94 gold pieces
  5038 | D:4      | Bought a potion of curing for 63 gold pieces
  5038 | D:4      | Bought a glowing purple potion for 18 gold pieces
  5038 | D:4      | Bought an orange potion for 18 gold pieces
  5156 | D:5      | Killed a water moccasin
  5156 | D:5      | Reached skill level 5 in Fighting
  5156 | D:5      | Reached skill level 6 in Axes
  5156 | D:5      | Reached skill level 1 in Invocations
  5156 | D:5      | Reached XP level 7. HP: 35/61 MP: 9/9
  5359 | D:5      | HP: 27/61 [gnoll/cursed +0 halberd (7)]
  5372 | D:5      | HP: 27/61 [gnoll/cursed -2 halberd (3)]
  5378 | D:4      | HP: 22/61 [gnoll/cursed +0 halberd (6)]
  5746 | D:5      | Got an ichor-stained hand axe
  5747 | D:5      | Identified the +1 hand axe of Litamone {flame, rPois Str+3}
                  | (You found it on level 5 of the Dungeon)
  5791 | D:5      | Found a runed translucent door.
  5792 | D:5      | Noticed Crazy Yiuf
  5831 | D:5      | HP: 30/61 [worker ant (5)]
  5834 | D:5      | HP: 13/61 [worker ant (5)]
  6131 | D:5      | Noticed Eustachio
  6203 | D:5      | Killed Eustachio
  6203 | D:5      | Reached skill level 7 in Axes
  6226 | D:5      | HP: 22/63 [ogre/+0 giant club (17)]
  6229 | D:5      | HP: 1/63 [ogre/+0 giant club (21)]
  6232 | D:5      | Reached XP level 8. HP: 2/70 MP: 10/10
  6701 | D:5      | Noticed Duvessa
  6701 | D:5      | Noticed Dowan
  6719 | D:5      | Killed Duvessa
  6731 | D:5      | Killed Dowan
  6861 | D:4      | Bought a thin bone amulet for 105 gold pieces
  7233 | D:5      | Killed Crazy Yiuf
  7376 | D:6      | Reached ** piety under Nemelex Xobeh
  7413 | D:6      | Reached skill level 5 in Maces & Flails
  7430 | D:6      | HP: 31/70 [acid (9)]
  7858 | D:6      | Noticed Pikel
  7877 | D:6      | Killed Pikel
  7877 | D:6      | Reached XP level 9. HP: 72/75 MP: 11/11
  8000 | D:6      | Received a gift from Nemelex Xobeh
  8082 | D:6      | Reached skill level 1 in Armour
  8113 | D:6      | HP: 38/77 [steam dragon (5)]
  8132 | D:6      | HP: 20/78 [ice beast (4)]
  8139 | D:6      | HP: 11/78 [steam dragon] (2)]
  8144 | D:6      | HP: 4/78 [something (4)]
  8559 | D:6      | Found a large runed translucent door.
  8559 | D:6      | Found a large runed translucent door.
  8563 | D:6      | Noticed casual's ghost (novice VSAs)
  8830 | D:6      | HP: 35/78 [orc warrior/+0 short sword (6)]
  9499 | D:6      | HP: 32/79 [shadow imp/nerve-wracking pain (13)]
  9713 | D:7      | Reached skill level 5 in Invocations
  9742 | D:7      | Found a shattered altar of Ashenzari.
  9958 | D:7      | Received a gift from Nemelex Xobeh
  9966 | D:7      | Reached XP level 10. HP: 86/86 MP: 13/13
 10430 | D:8      | Reached *** piety under Nemelex Xobeh
 10503 | D:8      | Reached skill level 10 in Maces & Flails
 10878 | D:8      | Noticed an eight-headed hydra
 10888 | D:8      | HP: 38/88 [eight-headed hydra (11)]
 10889 | D:8      | Identified the +0 hand axe "Tuamor" {freeze, *Rage rElec
                  | rPois}
 10892 | D:8      | Killed an eight-headed hydra
 11175 | D:8      | Received a gift from Nemelex Xobeh
 11274 | D:8      | Found a shadowy altar of Dithmenos.
 11282 | D:8      | Noticed Harold
 11282 | D:8      | Paralysed by Harold for 2 turns
 11289 | D:8      | Paralysed by Harold for 7 turns
 11306 | D:8      | Killed Harold
 11740 | D:9      | HP: 42/90 [troll (7)]
 11745 | D:9      | HP: 18/90 [troll (8)]
 11758 | D:8      | HP: 12/90 [troll (8)]
 12069 | D:8      | Noticed a spiny frog
 12069 | D:8      | a troll changed into a spiny frog
 12074 | D:8      | Killed a spiny frog
 12074 | D:8      | Reached skill level 5 in Armour
 12088 | D:8      | HP: 45/90 [poisoned by a spiny frog]
 12094 | D:8      | HP: 43/90 [poisoned by a spiny frog]
 12099 | D:8      | HP: 42/90 [poisoned by a spiny frog]
 12106 | D:8      | HP: 42/90 [poisoned by a spiny frog]
 12114 | D:8      | HP: 42/90 [poisoned by a spiny frog]
 12337 | D:9      | Found a radiant altar of Vehumet.
 12513 | D:9      | Received a gift from Nemelex Xobeh
 12531 | D:9      | Reached **** piety under Nemelex Xobeh
 12543 | D:9      | Found a staircase to the Orcish Mines.
 12971 | D:9      | HP: 43/90 [killer bee (5)]
 12978 | D:9      | HP: 41/90 [poisoned by a killer bee]
 12983 | D:9      | HP: 39/90 [poisoned by a killer bee]
 12988 | D:9      | Reached XP level 11. HP: 31/95 MP: 16/16
 12988 | D:9      | HP: 30/95 [poisoned by a killer bee]
 12993 | D:9      | HP: 24/95 [poisoned by a killer bee]
 12998 | D:9      | HP: 19/97 [poisoned by a killer bee]
 13003 | D:9      | HP: 18/97 [poisoned by a killer bee]
 13010 | D:9      | HP: 18/97 [poisoned by a killer bee]
 13018 | D:9      | HP: 18/97 [poisoned by a killer bee]
 13504 | D:9      | Noticed a cyclops
 13521 | D:9      | Killed a cyclops
 13671 | D:9      | Received a gift from Nemelex Xobeh
 13680 | D:9      | Got a polished war axe
 13681 | D:9      | Identified the +4 war axe of Superiority {chop, Stlth+}
                  | (You found it on level 9 of the Dungeon)
 14358 | D:9      | Found an ornate altar of the Wu Jian Council.
 14381 | D:10     | Entered Level 10 of the Dungeon
 14568 | D:10     | Received a gift from Nemelex Xobeh
 14638 | D:10     | Reached skill level 1 in Shields
 14709 | D:10     | Found Murafiwk's Weapon Emporium.
 14714 | D:10     | Bought a +0 broad axe for 44 gold pieces
 14865 | D:10     | HP: 48/97 [poisoned by a killer bee]
 14870 | D:10     | HP: 38/97 [poisoned by a killer bee]
 14876 | D:10     | HP: 37/97 [poisoned by a killer bee]
 14882 | D:10     | HP: 36/97 [poisoned by a killer bee]
 14890 | D:10     | HP: 37/97 [poisoned by a killer bee]
 14915 | D:10     | HP: 36/97 [something (6)]
 14920 | D:10     | HP: 30/97 [something (6)]
 14928 | D:10     | HP: 24/97 [something (2)]
 14934 | D:10     | Killed an unseen horror
 14934 | D:10     | Reached skill level 8 in Axes
 15295 | D:10     | You fall into a shaft and drop 1 floor!
 15295 | D:11     | Reached ***** piety under Nemelex Xobeh
 15395 | D:11     | Reached skill level 9 in Axes
 15433 | D:11     | Noticed an eight-headed hydra
 15444 | D:11     | HP: 44/97 [two-headed hydra (6)]
 15446 | D:11     | Killed a one-headed hydra
 15776 | D:11     | Found a staircase to the Lair.
 15776 | D:11     | Noticed a death yak
 15805 | D:11     | Killed a death yak
 15805 | D:11     | Reached skill level 10 in Axes
 16000 | D:11     | Received a gift from Nemelex Xobeh
 16157 | D:11     | Reached XP level 12. HP: 97/105 MP: 18/18
 16215 | D:11     | Reached skill level 5 in Shields
 16242 | D:11     | Reached skill level 11 in Axes
 16797 | D:11     | Reached skill level 12 in Axes
 16901 | D:11     | Noticed a two-headed hydra
 16906 | D:11     | Killed a one-headed hydra
 17399 | Lair:1   | Entered Level 1 of the Lair of Beasts
 17473 | Lair:1   | Reached skill level 13 in Axes
 17481 | Lair:1   | HP: 52/105 [poisoned by a black mamba]
 17486 | Lair:1   | HP: 46/105 [poisoned by a black mamba]
 17491 | Lair:1   | HP: 43/105 [poisoned by a black mamba]
 17496 | Lair:1   | HP: 42/105 [poisoned by a black mamba]
 17502 | Lair:1   | HP: 42/105 [poisoned by a black mamba]
 17508 | Lair:1   | HP: 43/105 [poisoned by a black mamba]
 17515 | Lair:1   | HP: 46/105 [poisoned by a black mamba]
 17523 | Lair:1   | HP: 49/105 [poisoned by a black mamba]
 17641 | Lair:1   | Noticed Gastronok
 17642 | Lair:1   | Received a gift from Nemelex Xobeh
 17667 | Lair:1   | Killed Gastronok
 17822 | Lair:1   | Reached skill level 14 in Axes
 18225 | Lair:1   | HP: 51/105 [spiny frog (14)]
 18230 | Lair:1   | HP: 48/105 [poisoned by a spiny frog]
 18236 | Lair:1   | HP: 47/105 [poisoned by a spiny frog]
 18241 | Lair:1   | HP: 47/105 [poisoned by a spiny frog]
 18246 | Lair:1   | HP: 49/105 [poisoned by a spiny frog]
 18253 | Lair:1   | HP: 51/105 [poisoned by a spiny frog]
 18667 | Lair:2   | Noticed a catoblepas
 18870 | Lair:2   | Received a gift from Nemelex Xobeh
 18957 | Lair:2   | HP: 37/106 [catoblepas (21)]
 18963 | Lair:2   | HP: 37/106 [catoblepas/blast of calcifying dust (4)]
 18966 | Lair:2   | Killed a catoblepas
 19120 | Lair:2   | Found a dark tunnel.
 19136 | Volcano  | Entered a volcano
 19162 | Volcano  | Noticed an ogre mage
 19162 | Volcano  | Noticed a two-headed ogre
 19162 | Volcano  | Noticed a two-headed ogre
 19169 | Volcano  | Killed an ogre mage
 19173 | Volcano  | HP: 53/106 [two-headed ogre/+0 giant club of flaming (2)]
 19178 | Volcano  | HP: 31/106 [poisoned by an ogre mage (bolt of poison)]
 19179 | Volcano  | Killed a two-headed ogre
 19183 | Volcano  | HP: 25/106 [poisoned by an ogre mage (bolt of poison)]
 19186 | Volcano  | Killed a two-headed ogre
 19186 | Volcano  | Reached skill level 10 in Fighting
 19186 | Volcano  | Reached XP level 13. HP: 21/113 MP: 19/19
 19191 | Volcano  | HP: 22/113 [poisoned by an ogre mage (bolt of poison)]
 19199 | Volcano  | HP: 26/113 [poisoned by an ogre mage (bolt of poison)]
 19204 | Volcano  | Received a gift from Nemelex Xobeh
 19224 | Volcano  | Noticed a red draconian
 19230 | Volcano  | Reached skill level 15 in Axes
 19235 | Volcano  | HP: 36/113 [red draconian/searing blast (14)]
 19238 | Volcano  | HP: 16/113 [red draconian/searing blast (22)]
 19239 | Volcano  | HP: 4/113 [red draconian/searing blast (13)]
 19247 | Volcano  | Killed a red draconian
 19324 | Volcano  | HP: 56/113 [two-headed ogre/+2 great mace of flaming (6)]
 19587 | Lair:2   | Found a staircase to the Snake Pit.
 19708 | Lair:2   | Found a transporter.
 19768 | Lair:2   | Found a transporter.
 20070 | Lair:2   | HP: 54/113 [swamp dragon (3)]
 20075 | Lair:2   | HP: 30/114 [poisoned by a swamp dragon (blast of poison)]
 20080 | Lair:2   | HP: 20/114 [swamp dragon (4)]
 20085 | Lair:2   | HP: 21/114 [poisoned by a swamp dragon (blast of poison)]
 20090 | Lair:2   | HP: 22/114 [poisoned by a swamp dragon (blast of poison)]
 20097 | Lair:2   | HP: 25/114 [poisoned by a swamp dragon (blast of poison)]
 20105 | Lair:2   | HP: 28/114 [poisoned by a swamp dragon (blast of poison)]
 20287 | Lair:3   | Received a gift from Nemelex Xobeh
 20438 | Lair:3   | Found a frozen archway.
 20511 | IceCv    | Entered an ice cave
 20511 | IceCv    | Received a gift from Nemelex Xobeh
 20787 | IceCv    | Noticed an ice dragon
 20787 | IceCv    | Noticed an ice dragon
 20809 | IceCv    | HP: 54/114 [ice dragon (9)]
 20814 | IceCv    | HP: 54/114 [ice dragon (3)]
 20819 | IceCv    | HP: 41/114 [ice dragon (5)]
 20821 | IceCv    | HP: 16/114 [ice dragon (10)]
 20826 | IceCv    | HP: 11/171 [ice dragon/blast of cold (3)]
 20829 | IceCv    | Killed an ice dragon
 20832 | IceCv    | Killed an ice dragon
 21399 | Lair:3   | Received a gift from Nemelex Xobeh
 21537 | Lair:4   | Reached skill level 10 in Invocations
 21740 | Lair:4   | Received a gift from Nemelex Xobeh
 21748 | Lair:4   | Reached skill level 16 in Axes
 22238 | Lair:4   | HP: 56/115 [swamp worm (5)]
 22242 | Lair:4   | HP: 25/115 [swamp worm (5)]
 22247 | Lair:4   | HP: 16/115 [electric eel/bolt of electricity (8)]
 22402 | Lair:4   | Found a staircase to the Swamp.
 22657 | Lair:5   | Received a gift from Nemelex Xobeh
 22748 | Lair:5   | Reached XP level 14. HP: 75/124 MP: 21/21
 22752 | Lair:5   | HP: 60/124 [death yak (12)]
 22758 | Lair:5   | HP: 60/124 [death yak (3)]
 22997 | Lair:5   | Found a staircase to the Slime Pits.
 22997 | Lair:5   | Found a viscous altar of Jiyva.
 23275 | Lair:5   | Received a gift from Nemelex Xobeh
 23605 | Lair:6   | Entered Level 6 of the Lair of Beasts
 23832 | Lair:6   | Noticed Nessos
 23846 | Lair:6   | Noticed Nessos
 23846 | Lair:6   | Nessos changed into Nessos the salamander
 23859 | Lair:6   | Killed Nessos the salamander
 23900 | Lair:6   | Found a snail-covered altar of Cheibriados.
 24015 | Lair:6   | Noticed Snorg
 24029 | Lair:6   | HP: 62/124 [dream sheep (1)]
 24037 | Lair:6   | HP: 61/124 [Snorg (1)]
 24038 | Lair:6   | HP: 27/124 [Snorg (13)]
 24044 | Lair:6   | HP: 28/186 [Snorg (7)]
 24047 | Lair:6   | HP: 2/186 [Snorg (24)]
 24048 | Lair:6   | Killed Snorg
 24048 | Lair:6   | Reached skill level 1 in Evocations
 24384 | Lair:6   | HP: 62/124 [lindwurm/blast of flame (13)]
 24390 | Lair:6   | HP: 57/124 [poisoned by a black mamba]
 24396 | Lair:6   | HP: 56/125 [poisoned by a black mamba]
 24402 | Lair:6   | HP: 47/125 [poisoned by a black mamba]
 24407 | Lair:6   | HP: 44/125 [poisoned by a black mamba]
 24412 | Lair:6   | HP: 41/125 [poisoned by a black mamba]
 24417 | Lair:6   | HP: 43/125 [poisoned by a black mamba]
 24725 | Lair:6   | Found a large runed translucent door.
 24725 | Lair:6   | Found a large runed translucent door.
 24825 | Lair:6   | Received a gift from Nemelex Xobeh
 25581 | D:7      | Paralysed by fainting for 12 turns
 25687 | D:6      | Killed casual's ghost
 25836 | Orc:1    | Entered Level 1 of the Orcish Mines
 25916 | Orc:1    | Found Hisunuod's Weapon Emporium.
 25923 | Orc:1    | Noticed Jorgrun
 25930 | Orc:1    | Noticed Jorgrun
 25930 | Orc:1    | Jorgrun changed into Jorgrun the death yak
 25933 | Orc:1    | Killed Jorgrun the death yak
 26020 | Orc:1    | Bought a +0 broad axe of flaming for 156 gold pieces
 26086 | Orc:2    | Entered Level 2 of the Orcish Mines
 26104 | Orc:2    | Reached skill level 5 in Dodging
 26248 | Orc:2    | Found a staircase to the Elven Halls.
 26279 | Orc:2    | Found a roughly hewn altar of Beogh.
 26566 | Orc:2    | HP: 57/126 [orc high priest/divine providence (15)]
 26682 | Orc:2    | HP: 54/126 [orc knight/+3 battleaxe of electrocution (12)]
 26962 | Orc:2    | Found Bavaocau's Assorted Antiques.
 27133 | Orc:2    | Reached XP level 15. HP: 130/133 MP: 23/23
 27151 | Orc:2    | Reached skill level 10 in Armour
 27154 | Orc:2    | HP: 67/134 [rust devil[an orc high priest] (4)]
 27159 | Orc:2    | HP: 66/134 [poisoned by an orange demon]
 27164 | Orc:2    | HP: 66/134 [poisoned by an orange demon]
 27169 | Orc:2    | HP: 49/134 [poisoned by an orange demon]
 27174 | Orc:2    | HP: 30/134 [poisoned by an orange demon]
 27174 | Orc:2    | HP: 12/134 [water nymph/the raging water (16)]
 27180 | Orc:2    | HP: 15/134 [poisoned by an orange demon]
 27188 | Orc:2    | HP: 18/134 [poisoned by an orange demon]
 27357 | Orc:2    | Found Raelyx's Magic Scroll Shoppe.
 27358 | Orc:2    | Found Pukloasho's Weapon Shop.
 27358 | Orc:2    | Found Xylama Zoem's General Store.
 27376 | Orc:2    | Bought a scroll of teleportation for 39 gold pieces
 27376 | Orc:2    | Bought a scroll of teleportation for 39 gold pieces
 27376 | Orc:2    | Bought a scroll of fog for 26 gold pieces
 27376 | Orc:2    | Bought a scroll of enchant weapon for 97 gold pieces
 27376 | Orc:2    | Bought a scroll of teleportation for 39 gold pieces
 27376 | Orc:2    | Bought a scroll of enchant armour for 97 gold pieces
 27376 | Orc:2    | Bought a scroll of enchant armour for 97 gold pieces
 27388 | Orc:2    | Bought a scroll of fear for 45 gold pieces
 27390 | Orc:2    | Bought a brass ring for 170 gold pieces
 27529 | D:12     | Received a gift from Nemelex Xobeh
 27656 | D:12     | Noticed a frost giant
 27668 | D:12     | HP: 41/134 [frost giant/bolt of cold (29)]
 27669 | D:12     | Hit by a large rock thrown by a cyclops

Levels and vault maps discovered:
D:1:      dpeg_arrival_circle_labyrinth_a, layout_loops_ring,
          minmay_tetromino_s4
D:2:      layout_basic, first_ration
D:3:      layout_loops_ring, nemelex_xobeh_ov_fountains_minmay, minitemple
D:4:      layout_cave_pools, minmay_temple_entry_trees, serial_shops,
          nicolae_shop_trees
D:5:      layout_basic, st_stairs_5, chequers_serial_rivers_marsh, uniq_duvessa,
          uniq_eustachio, uniq_crazy_yiuf_cottage
D:6:      layout_loops_ring, ebering_ghost_disaster_area, uniq_pikel
D:7:      layout_loops_ring, evilmike_ruin_ashenzari
D:8:      layout_loops_corners, basic_altar, uniq_harold
D:9:      minmay_the_grid_triangle_9x9_recursive_2
          [minmay_the_grid_triangle_9x9_prize_schism,
          minmay_the_grid_triangle_9x9_minimal,
          minmay_the_grid_triangle_9x9_checkered,
          minmay_the_grid_triangle_9x9_corrupted_corridor], layout_cave_pods,
          lemuel_round_altar, vehumet_altar_wand_db, zombieorc2_lemuel
D:10:     layout_basic, serial_shops, kennysheep_little_box
D:11:     layout_loops_ring, david_lair_generic, serial_glass, glass_columns_a,
          glass_columns_c, minmay_misc_feat_roman, hangedman_ranch
          [blue_anna_fruit_fields]
D:12:     minmay_strange_plus, layout_irregular_city, uniq_frances
Temple:   zaba_magenta_temple
Lair:1:   layout_cave_pods, minivault_27, chequers_serial_rivers_small_3,
          small_statue_intersection, grunt_megastairs_4,
          infiniplex_staircase_pool_2, uniq_gastronok
Lair:2:   gammafunk_cloud_chamber, layout_chaotic_city, enter_volcano_3,
          lemuel_old_faithful
Lair:3:   layout_misc_corridors, portal_ice_cave_entry_imps, lemuel_fruit_tree
Lair:4:   layout_regular_city, nicolae_swamp_entry_splash_gauntlet,
          serial_bayou_shore_b
Lair:5:   layout_gridlike, slime_altar_1
Lair:6:   cheibrodos_lair_end_hotspot, layout_misc_corridors,
          lemuel_centaur_altar, uniq_nessos, uniq_snorg
Orc:1:    layout_diamond_mine, serial_shops, nicolae_shop_crystal, shop,
          uniq_jorgrun
Orc:2:    st_orc_elflike, layout_diamond_mine, basic_altar

Skill      XL: |  1  2  3  4  5  6  7  8  9 10 11 12 13 14 15 |
---------------+----------------------------------------------+-----
Fighting       | 1 2 3 4 5 6 7 8 9 10 11 12 | 12.7
Polearms       | 1 2 |  2.7
Axes           | 3 6 7 10 14 16 | 16.5
Invocations    | 1 2 5 7 8 9 10 11 12 | 12.4
Maces & Flails | 2 7 9 11 | 11.7
Armour         | 3 5 6 7 8 9 10 | 10.1
Shields        | 4 5 7 8 |  8.9
Dodging        | 3 5 |  5.0
Evocations     | 3 |  3.9
Stealth        | |  1.5
Spellcasting   | |  1.5
Conjurations   | |  1.0
Ice Magic      | |  2.6

Action                   |  1- 3 |  4- 6 |  7- 9 | 10-12 | 13-15 || total
-------------------------+-------+-------+-------+-------+-------++-------
Melee: Spear             |    71 |    88 |       |       |       ||   159
       Hand axe          |       |   106 |   122 |    16 |    19 ||   263
       Morningstar       |       |       |   318 |   434 |       ||   752
       War axe           |       |       |       |   397 |       ||   397
       Broad axe         |       |       |       |   179 |   958 ||  1137
       Battleaxe         |       |       |       |       |    81 ||    81
 Cast: Freeze            |    34 |    23 |       |       |       ||    57
 Abil: Draw Destruction  |       |     4 |     2 |    14 |    18 ||    38
       Draw Escape       |       |     1 |       |     1 |     4 ||     6
       Draw Summoning    |       |       |       |     3 |     3 ||     6
Evoke: Wand              |       |     6 |     1 |       |     3 ||    10
  Use: Scroll            |       |    12 |     7 |    12 |     8 ||    39
       Potion            |       |       |       |       |     5 ||     5
 Stab: Petrified         |       |       |       |     1 |       ||     1
       Distracted        |       |       |       |       |     1 ||     1
  Eat: Chunk             |     2 |    10 |    12 |    23 |    17 ||    64
       Ration            |       |     1 |     1 |     7 |     3 ||    12
Armor: Robe              |     7 |       |       |       |       ||     7
       Ring mail         |    12 |   108 |   160 |       |       ||   280
       Plate armour      |       |       |   180 |   745 |   152 ||  1077
       Fire dragon scale |       |       |       |       |   466 ||   466
Dodge: Dodged            |    36 |   150 |   215 |   169 |   269 ||   839
Block: Large shield      |       |       |       |   285 |   779 ||  1064
